 Dungeon Crawl Stone Soup version 0.29.1-12-g30fa7ad0bf (webtiles) character file.

Game seed: 9734936460753171559

11545 hawla the Thaumaturge (level 12, -7/91 HPs)
             Began as a Meteoran Fire Elementalist on Dec 22, 2022.
             Was an Elder of Vehumet.
             Engulfed by a cloud of flame (16 damage)
             ... on level 2 of the Lair of Beasts on Dec 23, 2022.
             The game lasted 00:33:29 (4094 turns).

hawla the Thaumaturge (Meteoran Fire Elementalist)  Turns: 4094, Time: 00:33:29

Health: -7/91      AC:  9    Str: 13    XL:     12   Next: 36%
Magic:  15/30      EV: 16    Int: 25    God:    Vehumet [****..]
Gold:   661        SH:  0    Dex: 19    Spells: 27/38 levels left

rFire   + . .      SeeInvis .   y - +7 great sword "Qyudao" {freeze, Str+3 Int+5}
rCold   + . .      Faith    .   (shield currently unavailable)
rNeg    . . .      Spirit   .   v - +2 robe {rF+}
rPois   .          Reflect  .   r - +0 helmet
rElec   .          Harm     .   (no cloak)
rCorr   .          Rampage  .   p - +1 pair of gloves
Will    +....                   (no boots)
Stlth   ++........              w - amulet of Rakymex {rC+ Regen+}
HPRegen 1.05/turn               (no ring)
MPRegen 0.22/turn               (no ring)

@: glowing
A: sense surroundings 2, otherworldly, glowing, explore regen, iridescent scales
1, thin skeletal structure 1, wild magic 1
a: Renounce Religion


You were on level 2 of the Lair of Beasts.
You worshipped Vehumet.
Vehumet was greatly pleased with you.
You visited 3 branches of the dungeon, and saw 12 of its levels.
You also visited: Ossuary and Bailey.

You collected 661 gold pieces.

Inventory:

Hand Weapons
 g - a +5 mace
 j - a +2 spectral quarterstaff
 u - a +4 scimitar of flaming
 y - the +7 great sword "Qyudao" (weapon) {freeze, Str+3 Int+5}
   (You acquired it on level 8 of the Dungeon)

   It freezes those it strikes, dealing additional cold damage.
   It can also slow down cold-blooded creatures.
   Str:       It affects your strength (+3).
   Int:       It affects your intelligence (+5).
Armour
 a - +0 steam dragon scales
 c - the +4 skin of Zhor {*Englaciate rC+++ SInv}
   (You found it on level 7 of the Dungeon)

   It radiates cold, occasionally slowing all nearby creatures who are not
   resistant to cold.
   rC:        It renders you almost immune to cold.
   SInv:      It lets you see invisible.
 p - a +1 pair of gloves (worn)
 r - a +0 helmet (worn)
 v - a +2 robe of fire resistance (worn)
Magical Staves
 d - a staff of death
 o - a staff of air
Jewellery
 t - an amulet of the acrobat
 w - the amulet of Rakymex (around neck) {rC+ Regen+}
   (You acquired it on level 8 of the Dungeon)

   [amulet of regeneration]

   rC:        It protects you from cold.
   Regen:     It increases your rate of health regeneration.
Wands
 q - a wand of paralysis (14) (quivered)
 s - a wand of flame (10)
 z - a wand of digging (5)
Scrolls
 l - 4 scrolls of teleportation
 x - a scroll of torment {unknown}
Potions
 b - 5 potions of cancellation
 e - 2 potions of might
 f - 3 potions of resistance
 i - a potion of flight
 k - 8 potions of haste
 m - 4 potions of brilliance
 n - 5 potions of curing
Miscellaneous
 h - a phantom mirror


   Skills:
 + Level 4.1 Fighting
 + Level 1.1 Long Blades
 + Level 3.0(4.5) Maces & Flails
 + Level 4.7(5.1) Staves
 + Level 6.3 Dodging
 - Level 1.4 Stealth
 + Level 13.5 Spellcasting
 + Level 7.4 Conjurations
 + Level 2.0 Necromancy
 + Level 11.4 Fire Magic
 + Level 5.2 Air Magic
 + Level 2.2 Evocations


You had 27 spell levels left.
You knew the following spells:

 Your Spells              Type           Power      Damage    Failure   Level
a - Foxfire               Conj/Fire      100%       2x1d9     1%          1
b - Scorch                Fire           100%       2d10      1%          2
c - Flame Wave            Conj/Fire      70%        2d16      1%          4
d - Airstrike             Air            27%        2d(4-20)  1%          4

Your spell library contained the following spells:

 Spells                   Type           Power      Damage    Failure   Level
 Frozen Ramparts          Ice            44%        1d7       4%          3
 Sandblast                Erth           44%        2d11      1%          1
 Conjure Flame            Conj/Fire      70%        6-21      1%          3
 Inner Flame              Hex/Fire       56%        N/A       1%          3
 Stone Arrow              Conj/Erth      92%        3d12      1%          3
 Beastly Appendage        Tmut           44%        N/A       6%          1
 Vampiric Draining        Necr           35%        2d8       8%          3
 Passwall                 Tmut/Erth      18%        N/A       9%          2
 Wereblood                Tmut           22%        N/A       9%          2
 Spider Form              Tmut/Pois      22%        N/A       16%         3
 Corpse Rot               Necr/Pois/Air  37%        N/A       19%         4
 Blade Hands              Tmut           11%        N/A       75%         5
 Necromutation            Tmut/Necr      14%        N/A       100%        8


Dungeon Overview and Level Annotations

Branches:
Dungeon (9/15) Zot: 2485   Temple (1/1) D:4 Zot: 578    Lair (2/5) D:8 Zot: 536
Ossuary (visited)          Bailey (visited)
  Swamp: Lair:2-3    Shoals: Lair:2-3     Snake: Lair:2-3    Spider: Lair:2-3
    Orc: D:9-12

Altars:
Cheibriados
Dithmenos
Fedhas
Kikubaaqudgha
Okawaru
Qazlal
Ru
Trog
Uskayaw
Vehumet
Wu Jian
Xom
Yredelemnul
Zin


Innate Abilities, Weirdness & Mutations

You passively map the area around you.
You are easily found by Zot.
You glow in the dark.
You regain HP and MP as you explore.
You are partially covered in iridescent scales. (AC +2)
You have a somewhat thin skeletal structure. (Dex +2, Stealth+)
Your spells are a little harder to cast, but a little more powerful.


Message History

The fire crab claws you.
You are engulfed in flames.
You resist.
The fire crab bites you but does no damage.
The fire crab claws you.
You are engulfed in flames.
You resist.
You hit the fire crab but do no damage.
The fire crab is almost dead.
You are engulfed in blazing flames.
You resist.
* * * LOW HITPOINT WARNING * * *
The fire crab breathes flames at you.
The blast of flame engulfs you but does no damage.
The fire crab completely misses you. The fire crab closely misses you.
Casting: Scorch (safe; 1% risk of failure)
Confirm with . or Enter, or press ? or * to list all spells.
Flames lash the fire crab.
The fire crab completely resists.
The fire crab bites you.
* * * LOW HITPOINT WARNING * * *
You are engulfed in flames.
You resist.
* * * LOW HITPOINT WARNING * * *
The fire crab claws you but does no damage.
You feel better. The fire crab breathes flames at you.
The blast of flame engulfs you. You resist.
* * * LOW HITPOINT WARNING * * *
The fire crab breathes flames at you. The blast of flame engulfs you.
You resist.
* * * LOW HITPOINT WARNING * * *
Aiming: Paralyse
Press: ? - help, Shift-Dir - straight line, f/p - fire crab
Aim: a fire crab (flame, almost dead, chance to affect: 37%)
The fire crab easily resists.
You are engulfed in blazing flames.
You resist.
* * * LOW HITPOINT WARNING * * *
The fire crab bites you.
* * * LOW HITPOINT WARNING * * *
You are engulfed in flames!
You resist.
* * * LOW HITPOINT WARNING * * *
The fire crab barely misses you.
You slash the fire crab! You freeze the fire crab.
You kill the fire crab!
Vehumet accepts your kill.
You are engulfed in blazing flames.
You resist.
You die...

*, ,.............# ### ,
.............###....##
,.............).......# ,,,
....................#### ,
....................?#.# ,
.......................##
........................## ,
, .........°°..............#
,.........°@°........<....##
,.........°°°....##.........
, ............##.###P........
, ,, ##.........#.#.#
#......... , *
##..........##.*##........
##...........#######.....#
#*##<....>.....####.####.....
##.#..†........##
#.....#..... #..............#
#.....#.....


There were no monsters in sight!

Vanquished Creatures
  An orc warlord (Bailey)
  2 hydras
  A catoblepas (Lair:2)
  Erica (Lair:1)
  A fire crab (Lair:2)
  An orc knight (Bailey)
  A black mamba (Lair:1)
  A cane toad (Lair:1)
  3 rime drakes
  A polar bear (Lair:2)
  13 yaks (Lair:1)
  3 basilisks (Lair:1)
  2 steam dragons (D:8)
  Menkaure (D:5)
  An acid dragon (D:8)
  4 water moccasins
  A sky beast (D:6)
  2 ice beasts
  2 orc warriors
  A centaur (D:7)
  An ogre (D:7)
  2 phantoms
  3 bullfrogs
  A necrophage (D:6)
  A gnoll sergeant (D:8)
  A scorpion (D:5)
  9 wights (D:8)
  6 killer bees (D:7)
  A howler monkey (D:4)
  3 gnoll boudas
  5 hounds
  2 orc priests (D:7)
  Ijyb (D:4)
  2 iguanas (D:4)
  3 orc wizards
  8 mummies (Ossuary)
  16 gnolls
  An adder (D:3)
  A white imp (D:6)
  A worm (D:3)
  A dart slug (D:1)
  14 orcs
  An endoplasm (D:3)
  A gnoll zombie (Ossuary)
  6 goblins
  3 hobgoblins
  12 kobolds
  A quokka (D:5)
  7 ball pythons
  3 frilled lizards
  3 hobgoblin zombies (Ossuary)
  2 kobold zombies (Ossuary)
  2 orc zombies (Ossuary)
  A rat (D:2)
  A fire vortex (Lair:1)
169 creatures vanquished.

Vanquished Creatures (collateral kills)
  A yak (D:8)
  A wyvern (D:8)
  A basilisk (D:8)
  A black bear (D:8)
  An orc (D:6)
  A foxfire (Lair:1)
6 creatures vanquished.

Vanquished Creatures (others)
  2 orc wizards (D:4)
  150 foxfires
  3 fungi (Lair:1)
  8 plants
163 creatures vanquished.

Grand Total: 338 creatures vanquished

Notes
Turn   | Place    | Note
-------+----------+-------------------------------------------
     0 | D:1      | hawla the Meteoran Fire Elementalist began the quest for
                  | the Orb.
     0 | D:1      | Reached XP level 1. HP: 14/14 MP: 5/5
    24 | D:1      | Reached XP level 2. HP: 20/20 MP: 1/6
   209 | D:3      | Reached skill level 1 in Evocations
   212 | D:3      | Learned a level 2 spell: Scorch
   240 | D:3      | Reached skill level 1 in Necromancy
   240 | D:3      | Reached XP level 3. HP: 4/26 MP: 4/8
   457 | D:4      | Noticed a phantom
   462 | D:4      | Killed a phantom
   463 | D:4      | Reached skill level 3 in Spellcasting
   463 | D:4      | Reached XP level 4. HP: 24/33 MP: 0/10
   463 | D:4      | Reached XP level 5. HP: 27/38 MP: 0/11
   468 | D:4      | Learned a level 4 spell: Flame Wave
   515 | D:4      | Reached skill level 5 in Fire Magic
   536 | D:4      | Reached XP level 6. HP: 39/45 MP: 0/12
   575 | D:4      | Found an iron altar of Okawaru.
   642 | D:4      | Noticed a +0 dagger
   643 | D:4      | Noticed a +0 dagger
   649 | D:4      | Found a hide-covered altar of Uskayaw.
   815 | D:4      | Noticed Ijyb
   822 | D:4      | Killed Ijyb
   860 | D:4      | Found a staircase to the Ecumenical Temple.
   870 | D:4      | Reached XP level 7. HP: 51/51 MP: 9/13
   876 | Temple   | Entered the Ecumenical Temple
   888 | Temple   | Became a worshipper of Vehumet
   954 | D:5      | Entered Level 5 of the Dungeon
   991 | D:5      | Reached skill level 5 in Conjurations
  1005 | D:5      | Noticed Menkaure
  1009 | D:5      | Reached skill level 4 in Spellcasting
  1013 | D:5      | Killed Menkaure
  1014 | D:5      | Reached skill level 1 in Staves
  1033 | D:5      | Reached skill level 1 in Air Magic
  1033 | D:5      | Reached XP level 8. HP: 40/58 MP: 5/15
  1205 | D:6      | Reached skill level 1 in Fighting
  1205 | D:6      | Reached skill level 5 in Spellcasting
  1289 | D:6      | Found a sand-covered staircase.
  1294 | Ossuary  | Entered an ossuary
  1307 | Ossuary  | Reached * piety under Vehumet
  1307 | Ossuary  | Offered knowledge of Shock by Vehumet.
  1481 | D:6      | Gained mutation: Your spells are a little harder to cast,
                  | but a little more powerful. [potion of mutation]
  1481 | D:6      | Gained mutation: You are partially covered in iridescent
                  | scales. (AC +2) [potion of mutation]
  1481 | D:6      | Gained mutation: You have a somewhat thin skeletal
                  | structure. (Dex +2, Stealth+) [potion of mutation]
  1481 | D:6      | Gained mutation: You passively map the area around you.
                  | [potion of mutation]
  1508 | D:6      | Found a glowing silver altar of Zin.
  1510 | D:6      | Noticed an angel
  1817 | D:7      | Mutation became permanent: You passively map a small area
                  | around you. [Meteoran growth]
  1817 | D:7      | Gained mutation: You passively map the area around you.
                  | [Meteoran growth]
  1817 | D:7      | Reached XP level 9. HP: 36/67 MP: 0/18
  1848 | D:7      | Reached skill level 6 in Spellcasting
  1848 | D:7      | Offered knowledge of Poisonous Vapours by Vehumet.
  1871 | D:7      | Reached ** piety under Vehumet
  1871 | D:7      | Noticed a rime drake
  1873 | D:7      | Noticed a rime drake
  1886 | D:6      | Killed a rime drake
  1991 | D:7      | Reached skill level 7 in Spellcasting
  2063 | D:7      | Found the +4 skin of Zhor {*Englaciate rC+++ SInv}
  2306 | D:7      | Killed a rime drake
  2307 | D:7      | Reached XP level 10. HP: 51/77 MP: 16/22
  2431 | D:8      | Found a stormy altar of Qazlal.
  2434 | D:8      | Reached skill level 8 in Spellcasting
  2439 | D:8      | Reached skill level 5 in Dodging
  2547 | D:8      | Offered knowledge of Ignite Poison by Vehumet.
  2555 | D:8      | Reached skill level 9 in Spellcasting
  2736 | D:8      | Found a staircase to the Lair.
  2749 | D:8      | Reached *** piety under Vehumet
  2923 | D:8      | Found a flagged portal.
  2959 | Bailey   | Entered a bailey
  2965 | Bailey   | Noticed an orc warlord
  3012 | Bailey   | Noticed an orc knight
  3024 | Bailey   | Killed an orc knight
  3025 | Bailey   | Reached skill level 1 in Maces & Flails
  3025 | Bailey   | Reached skill level 10 in Spellcasting
  3025 | Bailey   | Reached skill level 10 in Fire Magic
  3035 | Bailey   | Offered knowledge of Airstrike by Vehumet.
  3036 | Bailey   | Found a runed translucent gate.
  3036 | Bailey   | Found a runed translucent gate.
  3036 | Bailey   | Found a runed translucent gate.
  3249 | Bailey   | Killed an orc warlord
  3250 | Bailey   | Reached XP level 11. HP: 20/83 MP: 10/26
  3281 | Bailey   | Got Vumeaxkuico's Incunabulum of Grisly Shapeshifting
  3287 | Bailey   | Learned a level 4 spell: Airstrike
  3294 | D:8      | Acquired the +7 great sword "Qyudao" {freeze, Str+3 Int+5}
  3297 | D:8      | Acquired the amulet of Rakymex {rC+ Regen+}
  3438 | Lair:1   | Entered Level 1 of the Lair of Beasts
  3534 | Lair:1   | Reached skill level 11 in Spellcasting
  3551 | Lair:1   | Noticed Erica
  3557 | Lair:1   | Killed Erica
  3593 | Lair:1   | Reached skill level 12 in Spellcasting
  3675 | Lair:1   | Noticed a black mamba
  3680 | Lair:1   | Killed a black mamba
  3680 | Lair:1   | Reached **** piety under Vehumet
  3694 | Lair:1   | Offered knowledge of Frozen Ramparts by Vehumet.
  3695 | Lair:1   | Reached XP level 12. HP: 83/91 MP: 18/29
  3698 | Lair:1   | Reached skill level 5 in Air Magic
  3768 | Lair:1   | Noticed a boulder beetle
  3897 | Lair:1   | Noticed an eight-headed hydra
  3905 | Lair:1   | Killed a five-headed hydra
  3906 | Lair:1   | Reached skill level 13 in Spellcasting
  3936 | Lair:1   | Glimpsed the power of Zot.
  3974 | Lair:2   | Noticed a seven-headed hydra
  3981 | Lair:2   | Killed a five-headed hydra
  4032 | Lair:2   | Noticed a catoblepas
  4043 | Lair:2   | Killed a catoblepas
  4044 | Lair:2   | Reached skill level 1 in Long Blades
  4045 | Lair:2   | Noticed a fire crab
  4094 | Lair:2   | Killed a fire crab
  4094 | Lair:2   | Engulfed by a cloud of flame

Illustrated notes

Levels and vault maps discovered:
D:1:      reono_arrival_forest_river, layout_basic,
          shapermc_ecumenical_altar_pompeii, chequers_serial_rivers_large_a
D:2:      layout_basic, uniq_robin
D:3:      layout_loops_corners, tso_altar
D:4:      layout_loops_ring, dancing_weapons_uskayaw, okawaru_metal_pillars_1_2,
          minmay_temple_entry_gardened_gates, uniq_ijyb
D:5:      layout_rooms, nemelex_dance_club_becter, uniq_menkaure
D:6:      layout_loops_corners, zin_angel,
          nicolae_ossuary_entry_false_entrances, kennysheep_generic_room_10
D:7:      layout_basic, hellmonk_guarded_unrand_zhor
D:8:      layout_gridville, old_standard_altar, mainiacjoe_overflow_alcove_2,
          david_lair_generic, enter_bailey_2
D:9:      layout_loops_ring, nicolae_gozag_cash_rules_everything_around_me,
          gammafunk_ghost_hydra_chop, serial_shops, nicolae_shop_hallway_stairs,
          nrook_campfire, uniq_amaemon
Temple:   nicolae_temple_ecumenical_triangle
Lair:1:   layout_gridlike, minmay_stone_trees_small, nzn_sisyphean_effort,
          uniq_erica
Lair:2:   layout_hall_layers, minmay_shoals_entry_lonely_mermaid

Skill      XL: |  1  2  3  4  5  6  7  8  9 10 11 12 |
---------------+-------------------------------------+-----
Fire Magic     | 4 5 6 8 10 11 | 11.4
Evocations     | 1 2 |  2.2
Necromancy     | 1 2 |  2.0
Spellcasting   | 3 4 5 7 10 12 13 | 13.5
Dodging        | 3 4 5 6 |  6.3
Conjurations   | 4 5 6 7 |  7.4
Staves         | 1 3 4 |  4.7
Air Magic      | 1 2 4 5 |  5.2
Fighting       | 2 3 4 |  4.1
Maces & Flails | 2 3 |  3.0
Long Blades    | 1 |  1.1
Stealth        | |  1.4

Action                   |  1- 3 |  4- 6 |  7- 9 | 10-12 || total
-------------------------+-------+-------+-------+-------++-------
Melee: Staff             |    13 |    22 |     3 |       ||    38
       Quarterstaff      |       |       |    53 |       ||    53
       Mace              |       |       |       |    40 ||    40
       Great sword       |       |       |       |    11 ||    11
       Scimitar          |       |       |       |    10 ||    10
 Cast: Foxfire           |    23 |    12 |    19 |    32 ||    86
       Scorch            |     6 |    20 |    43 |    70 ||   139
       Flame Wave        |       |       |    11 |    20 ||    31
       Airstrike         |       |       |       |    18 ||    18
Evoke: Wand              |       |       |       |     6 ||     6
  Use: Potion            |       |     3 |     4 |     3 ||    10
       Scroll            |       |       |    11 |    17 ||    28
Armor: Robe              |     2 |     9 |    30 |     9 ||    50
       Animal skin       |       |       |     3 |    41 ||    44
       Steam dragon scal |       |       |       |     2 ||     2
       Skin              |       |       |       |     1 ||     1
Dodge: Dodged            |     9 |    37 |    62 |   104 ||   212
